AoeStats
← Birchman

MegaRandom

507318946Analyzed
4v4 RM · 16d ago on Sep 17, 2026· 41m 56s· 8 players
Game mode
Random Map
Map size
Large (8 player)
Population
200
Speed
Normal
Resources
Standard
Victory
Conquest
Starting age
Dark Age
Ending age
Imperial Age
RankedLock teamsTeams togetherTeam positionsShared explorationLock speedFull tech treeHidden civsTurbo modeCheats
Victory
Defeat
🇵🇱 Muisca · Poland
1187
+15
🇵🇱 Gurjaras · Poland
1173
+15
🇵🇱 Jurchens · Poland
1089
+19
🇵🇱 Cumans · Poland
1013
+22
🇨🇭 Japanese · Switzerland
1377
-27
🇪🇸 Koreans · Spain
1133
-17
🇪🇸 Poles · Spain
1110
-16
🇦🇷 Britons · Argentina
988
-11
kenagustin1990
8:01 Loom
10:43 Feudal Age
21:09 Castle Age
19:12 Double-Bit Axe
19:46 Horse Collar
20:02 Gold Mining
23:18 Crossbowman
23:19 Elite Skirmisher
25:14 Fletching
25:25 Padded Archer Armor
25:52 Bow Saw
32:52 Imperial Age
31:32 Wheelbarrow
31:48 Leather Archer Armor
32:21 Ballistics
33:00 Heavy Plow
32:45 Man-at-Arms
32:49 Pikeman
33:43 Forging
33:33 Scale Mail Armor
34:41 Conscription
34:59 Squires
36:45 Bodkin Arrow
38:01 Arbalester
41:43 Bracer
42:13 Ring Archer Armor
LUZrapa
3:15 Loom
12:30 Feudal Age
14:31 Horse Collar
14:37 Double-Bit Axe
16:33 Forging
16:30 Scale Barding Armor
18:09 Wheelbarrow
21:31 Castle Age
20:10 Stone Mining
22:57 Gold Mining
27:25 Heavy Plow
28:06 Husbandry
29:17 Town Watch
29:38 Fletching
32:08 Iron Casting
31:32 Bodkin Arrow
37:38 Imperial Age
38:30 Bow Saw
38:46 Shinkichon
38:47 Conscription
38:50 Bracer
39:24 Hand Cart
Bertinos
12:44 Feudal Age
17:37 Castle Age
18:26 Double-Bit Axe
19:47 Husbandry
19:57 Bloodlines
19:08 Light Cavalry
22:47 Pikeman
33:04 Horse Collar
34:47 Wheelbarrow
34:42 Heavy Plow
38:30 Imperial Age
37:19 Scale Barding Armor
40:22 Forging
40:33 Chain Barding Armor
40:35 Winged Hussar
Pancho
7:05 Loom
10:27 Feudal Age
14:36 Fletching
15:50 Double-Bit Axe
17:45 Horse Collar
22:14 Castle Age
20:08 Stone Mining
26:24 Scale Mail Armor
30:03 Bodkin Arrow
43:42 Imperial Age
41:47 Wheelbarrow
40:58 Town Watch
Sly
3:13 Loom
10:54 Feudal Age
12:34 Horse Collar
12:47 Double-Bit Axe
24:11 Castle Age
22:33 Fletching
24:33 Bloodlines
24:49 Bodkin Arrow
24:59 Scale Barding Armor
27:17 Forging
33:36 Wheelbarrow
32:53 Town Watch
34:46 Elite Skirmisher
42:32 Imperial Age
41:26 Gold Mining
Birchman
11:32 Feudal Age
12:09 Loom
14:47 Horse Collar
18:32 Castle Age
18:01 Double-Bit Axe
23:43 Scale Barding Armor
26:12 Town Watch
28:26 Fletching
29:44 Heavy Plow
33:39 Imperial Age
31:32 Bodkin Arrow
31:58 Bow Saw
31:17 Elite Skirmisher
32:58 Padded Archer Armor
33:20 Chain Barding Armor
35:21 Wheelbarrow
34:46 Town Patrol
37:39 Gold Mining
40:25 Thunderclap Bombs
Jakwieczo
8:19 Loom
11:52 Feudal Age
12:26 Horse Collar
17:07 Castle Age
15:26 Double-Bit Axe
32:29 Imperial Age
30:04 Arson
30:45 Scale Mail Armor
30:55 Forging
32:00 Bloodlines
31:51 Husbandry
32:47 Wheelbarrow
34:07 Scale Barding Armor
34:37 Iron Casting
34:52 Chain Mail Armor
35:40 Bow Saw
35:31 Heavy Plow
38:11 Hand Cart
38:24 Chain Barding Armor
40:35 Elite Shrivamsha Rider
Martwy Kogut
1:39 Loom
3:30 Loom
12:30 Feudal Age
13:06 Champi Runner
14:30 Double-Bit Axe
17:44 Scale Mail Armor
20:03 Fletching
20:59 Wheelbarrow
20:21 Horse Collar
22:15 Forging
26:49 Castle Age
27:40 Squires
29:05 Heavy Plow
30:12 Gold Mining
30:14 Stone Mining
31:16 Bow Saw
35:34 Padded Archer Armor
37:17 Thumb Ring
37:22 Elite Skirmisher
39:09 Champi Warrior
Connection lost

Rejoining the realm…

Still unreachable

The connection could not be restored.

Session expired

The server has moved on; the page needs a fresh start.